 Dungeon Crawl Stone Soup version 0.17.1-3-g152610e (webtiles) character file.

1248 lyrx the Cleaver (level 8, -4/66 HPs)
             Began as a Hill Orc Berserker on Feb 26, 2016.
             Was an Elder of Trog.
             Slain by Sigmund
             ... wielding a +0 scythe
              (11 damage)
             ... on level 4 of the Dungeon.
             The game lasted 00:29:34 (4670 turns).

lyrx the Cleaver (Hill Orc Berserker)               Turns: 4670, Time: 00:29:34

Health: -4/66      AC:  7    Str: 22    XL:     8   Next: 50%
Magic:  8/8        EV: 10    Int:  7    God:    Trog [****..]
Gold:   173        SH:  0    Dex: 10    Spells: 0 memorised, 7 levels left

rFire  + . .     SeeInvis .     a - +0 hand axe
rCold  x . .     Clarity  .     j - +1 scale mail
rNeg   . . .     SustAt   +     (no shield)
rPois  .         Gourm    .     (no helmet)
rElec  .         Spirit   .     (no cloak)
rCorr  .         Warding  .     (no gloves)
rMut   .         Stasis   .     (no boots)
MR     .....                    (no amulet)
Stlth  ..........               b - ring of fire
                                m - ring of sustain attributes

@: exhausted, slowed, very slow, not resistant to hostile enchantments,
extremely unstealthy
A: no striking features
a: Berserk, Trog's Hand, Brothers in Arms, Burn Spellbooks, Renounce Religion


You were on level 4 of the Dungeon.
You worshipped Trog.
Trog was greatly pleased with you.
You were not hungry.

You visited 1 branch of the dungeon, and saw 4 of its levels.
You also visited: Sewer.

You collected 173 gold pieces.

Inventory:

Hand Weapons
 a - a +0 hand axe (weapon)
Missiles
 h - 278 stones (quivered)
 n - 11 sling bullets
Armour
 j - a +1 scale mail (worn)
Jewellery
 b - a ring of fire (right hand)
 m - a ring of sustain attributes (left hand)
Wands
 l - a wand of fireball (7)
Scrolls
 f - 2 scrolls of remove curse
 o - a scroll of recharging
 q - a scroll of magic mapping {unknown}
 r - a scroll of identify
 u - a scroll of immolation
Potions
 d - a potion of poison {unknown}
 e - 4 potions of curing {unknown}
 g - 2 potions of heal wounds {unknown}
 i - a potion of flight
 k - 3 potions of cancellation {unknown}
 p - a potion of brilliance {unknown}
 s - a potion of haste
 t - a potion of resistance {unknown}
Miscellaneous
 w - a plain deck of summoning
Comestibles
 c - 2 bread rations


   Skills:
 - Level 4.0 Fighting
 * Level 12.8 Axes
 - Level 2.1 Armour
 - Level 2.0 Dodging


You had 7 spell levels left.
You didn't know any spells.

Dungeon Overview and Level Annotations

Branches:
Dungeon (4/15)
 Temple: D:4-7

Altars:
Makhleb

Annotations:
D:4 Natasha, Pikel, Sigmund


Message History

* * * LOW HITPOINT WARNING * * *
The giant gecko bites your two-headed ogre but does no damage.
Something hits your two-headed ogre.
An orc comes into view. It is wielding an enchanted flail.
The orc closely misses you. Something hits you but does no damage.
An orc priest comes into view. It is wielding a hand axe.
Something hits you.
* * * LOW HITPOINT WARNING * * *
The orc closely misses you.
You hit the orc.
The orc is severely wounded.
Natasha casts a spell.
You hit the orc.
You kill the orc!
Trog accepts your kill. Something hits you!
* * * LOW HITPOINT WARNING * * *
Your two-headed ogre rages.
You fail to use your ability.
Something hits you!
You die...

#.#.##............#.#
#....####..........$#
.#) #.#..#
#.......$.O##...h
###..#
#..........o..#
.....# #........ol#
####.# ####.##O##{#
####.### # #h##.#
.......# #.##.##.#
.....#.# #...>@).#
###..#.# ####.##.#
...#.# . #.####
.⌠.#.######## #.#
...#.#......###.#
###≈...###......#
≈≈≈....# #..#####
≈≈≈....# #..#
###≈.#.###.###.


You could see Natasha and a friendly two-headed ogre (berserk).

Vanquished Creatures
  The ghost of kaze the Ruffian, a novice TrBe of Trog (D:4)
  Edmund (D:4)
  A necrophage (D:3)
  2 big kobolds (Sewer)
  A crimson imp (D:3)
  An orc priest (D:3)
  2 hounds (D:4)
  An orc wizard (D:3)
  2 worker ants (D:4)
  An iguana (D:4)
  Robin (D:2)
  2 gnolls (D:4)
  11 adders
  2 river rats
  9 oozes
  9 worms
  5 giant geckos
  4 orcs
  9 bats
  6 giant cockroaches
  11 hobgoblins
  5 jackals
  A quokka (D:3)
  5 ball pythons
  4 giant newts
  24 goblins
  16 kobolds
  17 rats
154 creatures vanquished.

Vanquished Creatures (collateral kills)
  3 slaves (D:4)
3 creatures vanquished.

Grand Total: 157 creatures vanquished

Notes
Turn   | Place    | Note
--------------------------------------------------------------
     0 | D:1      | lyrx the Hill Orc Berserker began the quest for the Orb.
     0 | D:1      | Reached XP level 1. HP: 19/19 MP: 1/1
    62 | D:1      | Reached XP level 2. HP: 12/27 MP: 2/2
   359 | D:1      | Reached ** piety under Trog
   526 | D:1      | Reached XP level 3. HP: 33/33 MP: 3/3
   534 | D:1      | Reached skill level 5 in Axes
  1307 | D:2      | Reached XP level 4. HP: 38/40 MP: 4/4
  1595 | D:2      | Noticed Robin
  1604 | D:2      | Reached skill level 6 in Axes
  1604 | D:2      | Reached *** piety under Trog
  1610 | D:2      | Killed Robin
  2167 | D:3      | Found a burning altar of Makhleb.
  2181 | D:3      | Reached XP level 5. HP: 31/46 MP: 5/5
  2275 | D:3      | Reached skill level 7 in Axes
  2571 | D:3      | Reached **** piety under Trog
  2628 | D:3      | Found a glowing drain.
  2697 | Sewer    | Entered a sewer
  2905 | Sewer    | Reached skill level 8 in Axes
  2905 | Sewer    | Reached XP level 6. HP: 50/52 MP: 6/6
  3241 | Sewer    | Reached skill level 9 in Axes
  3474 | D:3      | Reached XP level 7. HP: 59/59 MP: 7/7
  3529 | D:3      | Reached skill level 10 in Axes
  3570 | D:3      | Noticed a necrophage
  3583 | D:3      | Killed a necrophage
  3838 | D:4      | Noticed Edmund
  3846 | D:4      | Killed Edmund
  3846 | D:4      | Reached skill level 11 in Axes
  3927 | D:4      | Reached ***** piety under Trog
  4147 | D:4      | Reached XP level 8. HP: 62/66 MP: 8/8
  4150 | D:4      | Noticed kaze's ghost (novice TrBe)
  4175 | D:4      | Killed kaze's ghost
  4175 | D:4      | Reached skill level 12 in Axes
  4189 | D:4      | Noticed Pikel
  4210 | D:4      | HP: 2/66 [slave[Pikel] (2)]
  4648 | D:4      | Noticed Sigmund
  4663 | D:4      | Noticed Natasha
  4670 | D:4      | Slain by Sigmund

Action                   |  1- 3 |  4- 6 |  7- 9 || total
-------------------------+-------+-------+-------++-------
Melee: Hand axe          |   118 |   361 |   163 ||   642
Invok: Berserk           |     3 |     4 |     5 ||    12
       Burn Spellbooks   |       |     1 |       ||     1
       Brothers in Arms  |       |       |     2 ||     2
  Use: Scroll            |       |     7 |       ||     7
 Stab: Sleeping          |     1 |       |       ||     1
  Eat: Chunk             |     4 |    11 |     7 ||    22
       Royal jelly       |       |       |     1 ||     1
       Bread ration      |       |       |     1 ||     1
